Map: Tours du crépuscule

Players

zidar - Winner!

  • Race: Zerg Zerg
  • League: Silver
  • Spawn Location: 7:00

Sneft

  • Race: Protoss Protoss
  • League: Gold
  • Spawn Location: 1:00

VOD

Have the link to the VOD?

Description

Time

  • Played on: Jan. 19, 2016, 1:09 p.m.
  • Length: 21:17
Show
View Real Time Build Order
Export as new Build Order

zidar Zerg - Winner!

Build Orders: Pool First, Lurkers 

Get SALT Encoding   

  12  0:03  Drone  
  13  0:12  Overlord  
  13  0:17  Drone  
  14  0:30  Drone x2  
  14  0:35  Drone  
  17  0:49  Spawning Pool  
  16  0:50  Drone  
  17  1:15  Hatchery  
  16  1:22  Drone  
  17  1:26  Extractor  
  16  1:37  Drone  
  17  1:40  Queen  
  17  1:47  Drone x2  
  20  1:50  Overlord  
  21  2:03  Drone  
  22  2:15  Queen, Drone  
  25  2:47  Zergling x2  
  25  2:48  Zergling x8  
  25  2:49  Metabolic Boost  
  29  2:58  Extractor  
  28  3:04  Zergling x10  
  33  3:12  Overlord  
  33  3:28  Zergling x6  
  37  3:34  Zergling x8  
  40  3:43  Overlord  
  40  4:02  Hatchery  
  39  4:07  Drone  
  39  4:08  Drone  
  41  4:11  Drone  
  41  4:15  Drone  
  43  4:29  Overlord  
  43  4:38  Roach Warren  
  41  5:09  Drone x3  
  44  5:18  Roach x6  
  56  5:24  Overlord  
  56  5:38  Overlord  
  56  5:41  Queen  
  58  5:51  Drone  
  59  6:05  Lair  
  59  6:09  Roach x2  
  63  6:15  Ravager x3  
  63  6:16  Ravager  
  63  6:17  Queen  
  69  6:20  Drone x2  
  69  6:21  Drone  
  72  6:53  Drone  
  73  7:17  Overlord x2  
  73  7:18  Overlord x8  
  73  7:26  Hydralisk Den  
  72  7:33  Evolution Chamber  
  72  7:36  Evolution Chamber  
  70  7:37  Pneumatized Carapace  
  70  7:43  Drone x5  
  75  7:50  Overseer  
  66  8:15  Zerg Melee Weapons Level 1  
  66  8:26  Drone x11  
  77  8:28  Drone x3  
  80  8:45  Extractor  
  80  8:46  Extractor  
  78  9:13  Hydralisk x8  
  78  9:14  Hydralisk x4  
  102  9:22  Drone x5  
  107  9:45  Evolution Chamber  
  107  9:51  Lurker Den  
  106  9:59  Queen  
  108  10:18  Drone x7  
  115  10:42  Hatchery  
  114  10:49  Extractor  
  113  10:51  Extractor  
  112  11:26  Zerg Ground Armor Level 1  
  112  11:29  Zerg Melee Weapons Level 2  
  112  11:59  Roach x3  
  112  12:00  Roach x5  
  128  12:03  Hydralisk x10  
  128  12:04  Hydralisk x5  
  158  12:14  Lurker  
  159  12:20  Lurker  
  160  12:34  Overlord x2  
  160  12:35  Overlord x2  
  160  12:36  Overlord x3  
  160  12:54  Lurker x4  
  164  13:01  Overseer  
  164  13:03  Overseer  
  164  13:35  Infestation Pit  
  164  13:39  Zerg Ground Armor Level 2  
  163  14:10  Zergling x14  
  163  14:11  Zergling x8  
  163  14:15  Lair  
  174  15:04  Hive  
  174  15:20  Overseer  
  110  16:07  Roach x7  
  110  16:08  Roach x3, Hydralisk  
  110  16:09  Hydralisk x9  
  110  16:11  Roach x12  
  158  16:13  Zergling x2  
  158  16:14  Zergling x14  
  82  17:14  Hydralisk x9  
  100  17:16  Roach x10  
  120  17:38  Zerg Ground Armor Level 3  
  120  17:39  Ultralisk Cavern  
  120  17:40  Adrenal Glands  
  120  17:42  Zerg Melee Weapons Level 3  
  119  17:46  Zergling x2  
  119  17:47  Zergling x24  
  74  18:43  Roach x12  
  74  18:44  Hydralisk x11  
  118  19:18  Chitinous Plating  
  118  19:27  Overseer  
  118  19:32  Extractor  
  118  19:35  Extractor  
  116  20:01  Ultralisk x2  
  116  20:02  Ultralisk x4  
  116  20:03  Ultralisk  
  158  20:18  Zergling x14  
  158  20:19  Zergling x2  
  166  20:27  Overseer  
Show
View Real Time Build Order
Export as new Build Order

Sneft Protoss 

Build Orders:  

Get SALT Encoding   

  12  0:01  Probe (Chrono Boost)  
  13  0:16  Pylon  
  13  0:18  Probe (Chrono Boost)  
  14  0:28  Probe (Chrono Boost)  
  15  0:39  Gateway  
  15  0:40  Probe (Chrono Boost)  
  16  0:45  Assimilator  
  16  0:51  Probe (Chrono Boost)  
  17  1:05  Probe (Chrono Boost)  
  18  1:15  Probe (Chrono Boost)  
  19  1:26  Probe (Chrono Boost), Cybernetics Core  
  19  1:30  Pylon  
  20  1:36  Probe (Chrono Boost)  
  22  1:47  Probe (Chrono Boost)  
  22  1:57  Nexus  
  22  2:02  Assimilator  
  22  2:04  Warp Gate (Chrono Boost)  
  22  2:10  Adept (Chrono Boost)  
  24  2:38  Gateway x2  
  24  2:42  Gateway  
  24  3:00  Mothership Core, Pylon  
  26  3:24  Twilight Council  
  26  3:27  Probe  
  26  3:29  Probe  
  28  3:38  Probe  
  28  3:41  Probe  
  30  3:48  Probe  
  30  3:50  Robotics Facility  
  30  3:53  Probe  
  32  3:59  Probe  
  33  4:05  Probe, Resonating Glaives  
  34  4:10  Probe  
  34  4:11  Dark Shrine  
  35  4:17  Probe  
  35  4:21  Stalker  
  38  4:24  Probe  
  38  4:29  Probe  
  40  4:35  Probe  
  40  4:36  Dark Shrine  
  41  4:42  Observer  
  42  4:48  Probe  
  42  4:49  Probe, Assimilator  
  42  4:52  Assimilator  
  44  4:58  Probe  
  44  5:01  Probe  
  44  5:03  Warp Prism (Chrono Boost)  
  48  5:30  Probe  
  48  5:32  Probe  
  50  5:41  Probe  
  50  5:44  Probe  
  50  5:49  Dark Templar  
  54  6:00  Pylon  
  54  6:05  Pylon  
  54  6:09  Pylon  
  54  6:13  Pylon  
  54  6:15  Pylon  
  54  6:23  Dark Templar x2  
  54  6:24  Dark Templar x2  
  62  6:29  Pylon  
  62  6:45  Immortal (Chrono Boost)  
  66  6:51  Probe  
  67  7:05  Nexus  
  67  7:07  Pylon  
  67  7:10  Pylon  
  67  7:14  Pylon  
  67  7:15  Pylon  
  67  7:38  Dark Templar  
  67  7:39  Dark Templar  
  67  8:16  Probe x2  
  67  8:17  Probe  
  70  8:22  Stalker  
  70  8:24  Zealot x2  
  70  8:25  Zealot  
  70  8:26  Probe x2  
  78  8:29  Probe  
  81  8:37  Probe x2  
  81  8:38  Immortal (Chrono Boost)  
  87  8:41  Probe  
  88  9:01  Stalker x2  
  88  9:15  Stalker  
  88  9:16  Stalker x3  
  96  9:23  Gateway  
  96  9:24  Gateway  
  96  9:32  Assimilator  
  96  9:36  Assimilator  
  96  9:41  Archon x2  
  96  9:47  Adept  
  96  9:48  Adept x3  
  104  10:19  Dark Templar  
  104  10:20  Dark Templar x3  
  112  10:24  Archon x2  
  112  10:43  Nexus  
  112  10:45  Pylon  
  112  10:46  Probe x2  
  112  10:48  Probe, Pylon  
  115  10:52  Pylon  
  115  10:55  Stalker x3  
  115  10:56  Assimilator, Stalker x3  
  127  10:57  Probe x2  
  127  11:00  Probe, Assimilator  
  130  11:08  Probe x2  
  132  11:12  Probe  
  132  11:25  Robotics Bay  
  132  11:28  Observer (Chrono Boost)  
  133  11:32  Probe  
  133  11:33  Probe  
  133  11:38  Probe  
  136  11:44  Zealot x5  
  136  11:45  Zealot  
  148  11:48  Charge (Chrono Boost)  
  148  12:00  Forge x2  
  148  12:13  Dark Templar x3  
  148  12:14  Dark Templar x3  
  160  12:23  Probe  
  160  12:24  Probe  
  160  12:25  Probe  
  163  12:30  Probe  
  163  12:34  Probe x2  
  166  12:37  Probe  
  166  12:41  Probe  
  168  12:45  Probe x2  
  168  12:49  Probe  
  171  12:56  Protoss Ground Weapons Level 1 (Chrono Boost)  
  171  12:57  Protoss Ground Armor Level 1 (Chrono Boost)  
  171  12:58  Colossus  
  171  13:01  Extended Thermal Lance  
  177  13:13  Robotics Facility  
  177  13:27  Dark Templar x2  
  177  13:28  Dark Templar x3  
  187  13:41  Pylon  
  187  13:42  Pylon  
  187  13:47  Pylon x2  
  187  13:50  Pylon  
  187  13:51  Pylon  
  187  13:53  Colossus  
  187  13:54  Blink, Pylon  
  187  13:57  Nexus  
  187  14:00  Colossus, Pylon  
  187  14:02  Pylon  
  199  14:07  Pylon  
  199  14:12  Pylon  
  199  14:16  Assimilator  
  199  14:20  Assimilator  
  199  14:55  Protoss Ground Armor Level 2 (Chrono Boost)  
  199  14:56  Protoss Ground Weapons Level 2 (Chrono Boost)  
  137  16:11  Dark Templar x5  
  141  16:12  Dark Templar  
  141  16:14  Colossus  
  149  16:21  Colossus  
  139  16:50  Dark Templar x4  
  139  16:51  Dark Templar x2  
  99  17:14  Protoss Ground Weapons Level 3 (Chrono Boost)  
  99  17:27  Protoss Ground Armor Level 3 (Chrono Boost)  
  99  17:37  Stalker x3  
  99  17:38  Stalker x3  
  111  17:44  Immortal (Chrono Boost)  
  111  17:45  Immortal (Chrono Boost)  
  119  18:02  Dark Templar  
  119  18:03  Dark Templar x5  
  131  18:06  Archon  
  131  18:07  Archon x2  
  80  18:41  Stalker x3  
  80  18:42  Stalker x3  
  92  19:01  Colossus x2 (Chrono Boost)  
  102  19:06  Dark Templar x6  
  114  19:25  Probe  
  115  19:35  Probe  
  115  19:37  Archon  
  115  19:38  Archon x2  
  116  19:46  Probe  
  117  19:54  Zealot x3  
  117  19:55  Zealot x3  
  129  20:19  Dark Templar x4  
  129  20:20  Stalker  
  129  20:21  Stalker  
  141  20:27  Immortal x2 (Chrono Boost)  
  136  20:47  Dark Templar x2  
  140  20:51  Archon  
  140  21:00  Gateway  
  140  21:02  Gateway  
  140  21:04  Gateway  
  140  21:06  Gateway  
Tags
 
Composition
Lurkers
Matchup
PvZ
Opening
Pool First
Spawn Locations
Cross Positions
Add a new tag
Caveats
  • Supply blocks, unpowered buildings, or Contaminate may cause inaccurate times.
  • Supply counts are checked every 10 seconds.